 Dungeon Crawl Stone Soup version 0.26-a0-778-g3fe0686644 (webtiles) character file.

Game seed: 17643969034353169144

698 somkeydreadnuts the Geomancer (level 7, 0/46 HPs)
             Began as a Barachi Earth Elementalist on Nov 9, 2020.
             Slain by Duvessa
             ... wielding a +3 short sword of venom
              (11 damage)
             ... on level 5 of the Dungeon.
             The game lasted 00:17:57 (4406 turns).

somkeydreadnuts the Geomancer (BaEE)                Turns: 4406, Time: 00:17:58

Health: 0/46       AC:  3    Str:  9    XL:     7   Next: 65%
Magic:  1/10       EV: 12    Int: 18    God:
Gold:   192        SH:  0    Dex: 12    Spells: 2/10 levels left

rFire    . . .     SeeInvis .   s - +0 war axe
rCold    . . .     Faith    .   (no shield)
rNeg     . . .     Spirit   .   c - +0 robe
rPois    .         Reflect  .   j - +0 helmet
rElec    .         Harm     .   (no cloak)
rCorr    .         Rampage  .   (no gloves)
MR       .....                  (no boots)
Stlth    ++........             (no amulet)
HPRegen  0.15/turn              d - ring of fire
MPRegen  0.12/turn              u - ring of ice

@: slow
A: +LOS, swims, slowness 1, strong legs 1
a: Hop


You were on level 5 of the Dungeon.
You visited 1 branch of the dungeon, and saw 5 of its levels.

You collected 192 gold pieces.

Inventory:

Hand Weapons
 s - a +0 war axe (weapon)
Missiles
 b - 123 stones (quivered)
Armour
 c - a +0 robe (worn)
 j - a +0 helmet (worn)
 k - a +0 leather armour
 t - a +0 leather armour of positive energy
Jewellery
 d - a ring of fire (left hand)
 u - a ring of ice (right hand)
Scrolls
 a - 2 scrolls of amnesia {unknown}
 e - 3 scrolls of immolation {unknown}
 f - 3 scrolls of magic mapping {unknown}
 h - 2 scrolls of blinking {unknown}
 m - 5 scrolls of remove curse {unknown}
 o - a scroll of random uselessness {unknown}
 p - 3 scrolls of teleportation {unknown}
 q - 3 scrolls of identify {unknown}
 r - 2 scrolls of enchant weapon {unknown}
 v - a scroll of enchant armour {unknown}
Potions
 g - a potion of brilliance {unknown}
 i - a potion of lignification {unknown}
 l - a potion of magic {unknown}
 n - a potion of curing


   Skills:
 - Level 0.1 Axes
 - Level 2.1 Dodging
 - Level 1.7 Stealth
 - Level 2.1 Spellcasting
 + Level 1.1 Transmutations
 + Level 8.7 Earth Magic


You had 2 spell levels left.
You knew the following spells:

 Your Spells              Type           Power        Failure   Level
a - Sandblast             Erth           ####..       1%          1
b - Passwall              Tmut/Erth      ###.....     3%          2
c - Lee's Rapid Deconstr  Erth           ####......   14%         5

Your spell library contained the following spells:

 Spells                   Type           Power        Failure   Level
 Stone Arrow              Conj/Erth      ###...       9%          3
 Petrify                  Tmut/Erth      ###.....     24%         4


Dungeon Overview and Level Annotations

Branches:
Dungeon (5/15)
 Temple: D:4-7

Altars:
Kikubaaqudgha
Okawaru
Qazlal

Annotations:
D:4 Sigmund
D:5 Duvessa


Innate Abilities, Weirdness & Mutations

You can be seen from farther away. (+LOS)
You can swim through water.
You cover ground slowly.
You can hop short distances.


Message History

Confirm with . or Enter, or press ? or * to list all spells.
Aiming: Sandblast (safe; 1% risk of failure)
Press: ? - help, Shift-Dir - straight line, f/p - Duvessa
Aim: Duvessa, wielding a +3 short sword of venom and wearing a +1 chain mail of cold resistance (heavily wounded, berserk)
The blast of sand hits Duvessa.
Duvessa is heavily wounded.
b - 123 stones You feel sick.
Duvessa hits you with a +3 short sword of venom!
You are lethally poisoned!
Duvessa hits you with a +3 short sword of venom!
* * * LOW HITPOINT WARNING * * *
You are more poisoned.
It was a potion of curing.
You feel better.
Duvessa hits you with a +3 short sword of venom!!
* * * LOW HITPOINT WARNING * * *
You are lethally poisoned!
You feel better.
Duvessa hits you with a +3 short sword of venom!
You die...

#.# #.# #.#
#.# #######
#.# #.....#
#.#####.###.#
#.....#.# #.#
#####...#
#.#####/#.#
#####
#...@e.)..#
#######.###


You could see Duvessa (berserk).

Vanquished Creatures
  Grinder (D:4)
  An ogre (D:4)
  Dowan (D:5)
  2 scorpions (D:4)
  A centaur skeleton (D:4)
  An orc wizard (D:4)
  Jessica (D:2)
  Terence (D:2)
  A killer bee zombie (D:5)
  A hound zombie (D:5)
  4 gnolls (D:5)
  An adder (D:3)
  An ufetubus (D:5)
  An ooze (D:3)
  A worm (D:2)
  2 dart slugs
  A leopard gecko (D:3)
  5 orcs
  10 bats
  6 giant cockroaches
  9 goblins
  7 hobgoblins
  3 jackals (D:4)
  A quokka (D:3)
  A ball python (D:3)
  7 frilled lizards
  9 kobolds
  7 rats
87 creatures vanquished.

Notes
Turn   | Place    | Note
-------+----------+-------------------------------------------
     0 | D:1      | somkeydreadnuts the Barachi Earth Elementalist began the
                  | quest for the Orb.
     0 | D:1      | Reached XP level 1. HP: 13/13 MP: 3/3
   104 | D:1      | Reached XP level 2. HP: 19/19 MP: 0/5
   720 | D:1      | Reached skill level 4 in Earth Magic
   793 | D:1      | Reached XP level 3. HP: 15/24 MP: 3/6
  1135 | D:2      | Noticed Jessica
  1147 | D:2      | Killed Jessica
  1284 | D:2      | Found an ancient bone altar of Kikubaaqudgha.
  1320 | D:2      | Reached XP level 4. HP: 26/30 MP: 1/7
  1447 | D:2      | Found an iron altar of Okawaru.
  1548 | D:2      | Noticed Terence
  1556 | D:2      | Killed Terence
  1556 | D:2      | Reached skill level 5 in Earth Magic
  2186 | D:3      | Reached XP level 5. HP: 27/35 MP: 5/8
  2762 | D:4      | Learned a level 2 spell: Passwall
  2843 | D:4      | Reached skill level 6 in Earth Magic
  2915 | D:4      | Reached XP level 6. HP: 41/41 MP: 6/9
  2926 | D:4      | Learned a level 5 spell: Lee's Rapid Deconstruction
  2936 | D:4      | Noticed Grinder
  2961 | D:4      | Paralysed by Grinder for 6 turns
  2972 | D:4      | Killed Grinder
  2972 | D:4      | Reached skill level 7 in Earth Magic
  2972 | D:4      | Reached XP level 7. HP: 39/46 MP: 1/10
  3052 | D:4      | Found a stormy altar of Qazlal.
  3187 | D:4      | Noticed Sigmund
  3195 | D:4      | Reached skill level 8 in Earth Magic
  4021 | D:5      | Entered Level 5 of the Dungeon
  4395 | D:5      | Noticed Dowan
  4399 | D:5      | Noticed Duvessa
  4402 | D:5      | Killed Dowan
  4405 | D:5      | HP: 1/46 [Duvessa/+3 short sword of venom (19)]
  4406 | D:5      | Slain by Duvessa

Illustrated notes

Levels and vault maps discovered:
D:1:      matt_arrival_refuge, layout_basic
D:2:      layout_rooms, lemuel_crystal_altar, lemuel_doored_altar, uniq_terence,
          uniq_jessica
D:3:      layout_loops_cross, serial_rivers, chequers_serial_rivers_room_b,
          chequers_serial_rivers_small_3, chequers_serial_rivers_small_3,
          chequers_serial_rivers_marsh, chequers_serial_rivers_small_b,
          chequers_serial_rivers_small_b
D:4:      layout_cave_pools, kennysheep_mini_moat, lemuel_crystal_altar,
          uniq_sigmund, uniq_grinder
D:5:      layout_loops_ring, nemelex_xobeh_ov_fountains_minmay,
          minmay_misc_feat_tower, uniq_duvessa

Skill      XL: |  1  2  3  4  5  6  7 |
---------------+----------------------+-----
Earth Magic    | 4 5 6 7 8 |  8.7
Axes           | |  0.1
Dodging        | |  2.1
Stealth        | |  1.7
Spellcasting   | |  2.1
Transmutations | |  1.1

Action                   |  1- 3 |  4- 6 |  7- 9 || total
-------------------------+-------+-------+-------++-------
Melee: Club              |    16 |       |       ||    16
       Hand axe          |    35 |    39 |       ||    74
       War axe           |       |    24 |    12 ||    36
 Cast: Sandblast         |    31 |    45 |    23 ||    99
       Lee's Rapid Decon |       |       |     4 ||     4
 Abil: Hop               |       |       |     1 ||     1
  Use: Potion            |       |       |     2 ||     2
 Stab: Sleeping          |     1 |     4 |       ||     5
Armor: Robe              |    23 |    22 |     8 ||    53
Dodge: Dodged            |    41 |    75 |    13 ||   129

Table legend: (Time is in decaauts)
 A = Elapsed time spent in this place.
 B = Non-inter-level travel time spent in this place.
 C = Inter-level travel time spent in this place.
 D = Time resting spent in this place.
 E = Time spent auto-exploring this place.
 F = Levels seen in this place.
 G = Mean time per level.
                   A        B        C        D        E       F      G
               +--------+--------+--------+--------+--------+-----+--------+
         Total |   4968 |   4968 |      0 |      0 |   2924 |   5 |  993.6 |
       Dungeon |   4968 |   4968 |      0 |      0 |   2924 |   5 |  993.6 |
               +--------+--------+--------+--------+--------+-----+--------+

Top non-repeatable levels by time:
     D:3: 1972 daAuts
     D:1: 1289 daAuts
     D:4: 642 daAuts
     D:2: 635 daAuts
     D:5: 428 daAuts
